AoeStats
← Patoown

Arena

509289485Analyzed
1v1 RM · 5d ago on Sep 26, 2026· 32m 2s· 2 players
Game mode
Random Map
Map size
Tiny (2 player)
Population
200
Speed
Normal
Resources
Standard
Victory
Conquest
Starting age
Dark Age
Ending age
Imperial Age
RankedLock teamsTeams togetherTeam positionsShared explorationLock speedFull tech treeHidden civsTurbo modeCheats
Victory
Defeat
🇨🇳 Vietnamese · China
805
+15
🇨🇱 Turks · Chile
782
-15
Patoown
7:24 Loom
9:39 Feudal Age
10:30 Double-Bit Axe
14:33 Horse Collar
18:52 Castle Age
17:14 Gold Mining
18:56 Forging
18:46 Scale Mail Armor
19:53 Wheelbarrow
18:43 Man-at-Arms
19:08 Arson
24:18 Gold Shaft Mining
24:33 Stone Mining
30:02 Bow Saw
焦糖布丁
10:42 Feudal Age
15:50 Castle Age
19:12 Forging
23:32 Wheelbarrow
27:27 Horse Collar
28:55 Iron Casting
28:46 Light Cavalry
30:49 Bloodlines
32:39 Scale Mail Armor
Connection lost

Rejoining the realm…

Still unreachable

The connection could not be restored.

Session expired

The server has moved on; the page needs a fresh start.